 Dungeon Crawl Stone Soup version 0.8.0-a0-5403-g995edf2 character file.

1515785 hyperelliptic the Slayer (level 25, 237/239 (242) HPs)
             Began as a Centaur Wanderer on Feb 23, 2011.
             Was the Champion of Trog.
             Escaped with the Orb
             ... and 3 runes (of 3 types) on Feb 25, 2011!
             The game lasted 05:58:00 (77839 turns).

hyperelliptic the Slayer (Centaur Wanderer)        Turns: 77839, Time: 05:58:00

HP 237/239 (242) AC 46     Str 24 Exp: 25/975002 (8244), need: 75697
MP  20/20        EV  1     Int 12      God: Trog [******]
Gold 3290        SH  0     Dex 18      Spells:  0 memorised, 26 levels left

Res.Fire  : + . .   See Invis. : +   b - +8 dwarf crossbow (velocity) {god gift}
Res.Cold  : + . .   Warding    : .   l - +5 crystal plate mail
Life Prot.: . . .   Conserve   : +   (no shield)
Res.Acid. : . . .   Res.Corr.  : .   u - +2 hat of the Alchemist {rElec rF+ rC+ MR}
Res.Poison: +       Clarity    : .   J - +2 cloak
Res.Elec. : +       Spirit.Shd : .   v - +2 pair of gauntlets {Dex+3}
Sust.Abil.: . .     Stasis     : .   I - +7 centaur barding
Res.Mut.  : .       Ctrl.Telep.: .   t - amulet of conservation
Res.Rott. : .       Levitation : .   E - ring "Somiw" {rPois MR Dex+3 SInv}
Saprovore : . . .   Ctrl.Flight: .   m - +0,+6 ring of slaying

@: very quick, extraordinarily resistant to hostile enchantments, extremely
unstealthy
A: hooves 3, deformed body 1, speed 2, fast metabolism 2, tough skin 3, Dex +1
a: Burn Spellbooks, Berserk, Trog's Hand, Brothers in Arms, Renounce Religion


You escaped.
You worshipped Trog.
Trog was exalted by your worship.
You were not hungry.

You visited 10 branches of the dungeon, and saw 70 of its levels.
You visited 1 Labyrinth.
You visited 1 bazaar.
You visited 1 portal chamber: sewer.

You collected 9158 gold pieces.
You spent 5918 gold pieces at shops.

Inventory:

Hand weapons
 a - the -2,+12 morningstar of the Shining Light {god gift, speed, rElec rF+}
   (Trog gifted it to you on level 17 of the Dungeon)

   Attacks with this weapon take half as long as usual.
   It protects you from fire.
   It insulates you from electricity.
 b - a +8,+8 dwarven crossbow of velocity (weapon) {god gift}
 M - the +1,+7 sabre of Psadotupt {slice, +Inv MR SInv}
   (You found it on level 9 of the Dungeon)

   It inflicts extra damage upon your enemies.
   It increases your resistance to enchantments.
   It enhances your eyesight.
   It lets you turn invisible.
Missiles
 X - 83 steel +6 bolts (quivered)
 Y - 77 silver +6 bolts
 Z - 37 +2 bolts of penetration {god gift}
Armour
 l - a +5 crystal plate mail (worn)
 u - the +2 hat of the Alchemist (worn) {rElec rF+ rC+ MR}
   (You found it on level 8 of the Vaults)

   It protects you from fire.
   It protects you from cold.
   It insulates you from electricity.
   It increases your resistance to enchantments.
 v - a +2 pair of gauntlets of dexterity (worn)
 I - a +7 centaur barding (worn)
 J - a +2 cloak (worn)
Magical devices
 c - a wand of teleportation (10)
 g - a wand of teleportation (9)
 o - a wand of hasting (7)
 y - a wand of cold (10)
 z - a wand of healing (9)
 A - a wand of healing (9)
 F - a wand of digging (7)
 G - a wand of disintegration (5)
Comestibles
 O - 14 royal jellies
Scrolls
 n - 2 scrolls of recharging
 r - 10 scrolls of blinking
Jewellery
 e - the ring of the Lonely Hells {rF+ rN+}
   (You found it on level 5 of the Swamp)

   [ring of protection from fire]

   It protects you from negative energy.
 f - an uncursed ring of life protection
 j - an uncursed amulet of stasis
 m - a +0,+6 ring of slaying (left hand)
 q - an uncursed ring of protection from fire
 s - an uncursed amulet of warding
 t - an amulet of conservation (around neck)
 C - an uncursed amulet of resist mutation
 E - the ring "Somiw" (right hand) {rPois MR Dex+3 SInv}
   (You bought it in a shop on level 11 of the Dungeon)

   [ring of see invisible]

   It affects your dexterity (+3).
   It protects you from poison.
   It increases your resistance to enchantments.
 K - an uncursed ring of protection from cold
 P - an uncursed ring of teleportation
 R - an uncursed ring of levitation
 S - an uncursed amulet of clarity
 W - an uncursed amulet of resist corrosion
Potions
 d - 2 potions of resistance
 i - 6 potions of healing
 k - 8 potions of might
 p - 13 potions of heal wounds
 x - a potion of agility
Orbs of Power
 w - the Orb of Zot
Miscellaneous
 h - a decaying rune of Zot
 D - a serpentine rune of Zot
 U - a silver rune of Zot You had 8244 experience left.


   Skills:
 + Level 22 Fighting
 - Level 1 Long Blades
 - Level 14 Maces & Flails
 + Level 22 Crossbows
 - Level 2 Throwing
 + Level 14 Armour
 - Level 2 Dodging
 - Level 1 Stealth
 - Level 2 Stabbing
 - Level 3 Shields
 + Level 4 Traps & Doors
 - Level 9 Unarmed Combat
 - Level 1 Spellcasting
 + Level 4 Evocations


You had 26 spell levels left.
You didn't know any spells.

Dungeon Overview and Level Annotations

Branches:
Dungeon (27/27)            Temple (1/1) D:5             Orc (4/4) D:11
    Elf (0/5) Orc:3          Lair (8/8) D:11          Swamp (5/5) Lair:2
  Slime (0/6) Lair:8        Snake (5/5) Lair:3         Hive (2/2) D:12
  Vault (8/8) D:15          Blade (0/1) Vault:5       Crypt (5/5) Vault:4
   Tomb (0/3) Crypt:2         Zot (5/5) D:27

Altars:
Ashenzari
Cheibriados
Elyvilon
Fedhas
Kikubaaqudgha
Makhleb
Nemelex Xobeh
Okawaru
Sif Muna
The Shining One
Trog
Vehumet
Xom
Yredelemnul
Zin

Shops:
D:4: ! D:11: ?!+=[ D:22: * D:23: %= D:26: * Orc:4: (%=% Snake:3: = Vault:1: ! Vault:2: (%[*/ Vault:3: /

Portals:
Hell: D:21 D:22 D:23 D:24 D:25 D:26 D:27
Abyss: D:24 D:25 D:26
Pan: D:21 D:22 D:24 D:27
Trove: D:11 (abyssal rune of Zot)
Ziggurat: D:21 (2900 gp) D:27 (3740 gp)

Annotations
Lair:8 exclusion: 3 oklob plants
Vault:2 shop with acquirement etc
Crypt:2 exclusion: curse skull
Crypt:3 exclusion: curse skull
Crypt:4 exclusion: curse skull


Innate Abilities, Weirdness & Mutations

You have hooves in place of feet.
Armour fits poorly on your unusually shaped body.
You cover ground very quickly.
You have a very fast metabolism.
You have extremely tough skin (AC +3).
You are agile (Dex +1).


Message History

You climb upwards.
There is a stone staircase leading down here.
Your skin is crawling a little less now.
There is a staircase leading out of the dungeon here.
Your skin stops crawling.
You feel less resistant to magic.
Are you sure you want to leave the Dungeon?
You have escaped!

#### #.# #.# # #.# #.# #
###############<#########.### #
#.........................>.. #
#.....#########.#########.### #
#.....# #.# #.# # #.....# #.#
#.#
####.....#########.#########.###
...............@................
########.#########.#########.###
# #.# #.# #.# # #.# #.# #.# #
#.##### #.#########.### #
#.....# #.............. #
######.....# #...........### #
#...##..>..# #...........# #
#...##.....# #...........#


There were no monsters in sight!

Vanquished Creatures
  An ancient lich (Crypt:5)
  2 orbs of fire (Zot:5)
  Boris (twice) (Crypt:1 D:22)
  the Lernaean hydra (Swamp:5)
  A Killer Klown (Zot:5)
  Mennas (D:24)
  2 electric golems (Zot:5)
  Xtahua (D:26)
  Frederick (Vault:6)
  3 golden dragons
  17 Orb Guardians (Zot:5)
  3 liches
  A titan (Vault:8)
  2 shadow dragons (Vault:8)
  Agnes (Vault:7)
  3 storm dragons
  Frances (D:20)
  3 sphinxes
  Aizul (D:19)
  A draconian knight (Zot:5)
  Terpsichore (Crypt:1)
  2 frost giants
  4 bone dragons
  2 quicksilver dragon zombies (Crypt:4)
  Wiglaf (Crypt:1)
  A tentacled monstrosity (Zot:4)
  A draconian annihilator (Zot:5)
  23 stone giants
  A Pit Fiend (Zot:5)
  An Angel (Vault:6)
  A fire giant (D:26)
  A draconian caller (Zot:5)
  5 greater nagas (Snake:5)
  A green draconian (Zot:4)
  Jozef (Orc:3)
  2 white draconians (Zot:4)
  A deep elf annihilator (D:18)
  A yellow draconian (Zot:5)
  A dire elephant (shapeshifter) (D:17)
  A grey draconian (Zot:4)
  3 mottled draconians
  32 yaktaur captains
  5 ettins
  2 vampire knights (Crypt:5)
  5 dragons
  A minotaur (Lab)
  23 vault guards (Vault:8)
  Josephine (D:10)
  A death cob (Zot:4)
  Erica (Lair:1)
  Harold (D:10)
  An ice dragon (Lair:4)
  The ghost of scummos the Reanimator, a powerful DDNe of Makhleb (D:16)
  27 hydras
  A golden dragon zombie (Crypt:5)
  12 ogre magi
  Nessos (Snake:3)
  9 anacondas
  An anaconda skeleton (Crypt:1)
  3 alligators
  A shadow dragon skeleton (Crypt:3)
  A frost giant zombie (D:18)
  A fire giant zombie (D:26)
  A sphinx zombie (Vault:7)
  9 deep trolls
  A stone giant zombie (Vault:4)
  A deep elf knight (Vault:5)
  A ghost moth (Zot:4)
  A vapour (Vault:7)
  4 orc high priests (Orc:4)
  2 sphinx skeletons
  4 iron golems
  4 very ugly things (D:23)
  4 death drakes (Zot:5)
  An iron dragon skeleton (Crypt:3)
  12 centaur warriors
  98 skeletal warriors
  3 iron trolls
  5 stone giant skeletons
  A griffon (shapeshifter) (Vault:7)
  2 ghost moths (shapeshifter)
  Erolcha (D:8)
  2 storm dragon zombies
  An alligator snapping turtle zombie (Crypt:4)
  6 hell knights (Crypt:5)
  5 griffons
  A dire elephant skeleton (Crypt:3)
  8 flayed ghosts
  14 naga warriors
  5 unseen horrors
  2 mottled draconian zombies
  A yellow draconian zombie (Crypt:5)
  A storm dragon skeleton (Vault:7)
  A green draconian skeleton (Crypt:2)
  14 swamp dragons
  4 orc sorcerers
  8 hill giants
  An iron troll zombie (Vault:4)
  8 necromancers
  3 crystal golems (Crypt:5)
  17 orc knights
  Joseph (Orc:1)
  A giant amoeba (D:22)
  3 guardian serpents
  Urug (D:10)
  The ghost of Pumpking the Reanimator, an experienced DDNe of Makhleb (D:7)
  5 harpies (Vault:7)
  6 dancing weapons
  9 cyclopes
  2 red wasp zombies (D:19)
  2 ice dragon zombies
  An iron troll skeleton (Vault:7)
  A dragon zombie (Crypt:5)
  2 hydra skeletons
  A phantasmal warrior (Vault:8)
  A glowing shapeshifter (D:27)
  A shop mimic (D:19)
  A spiny worm (D:26)
  6 moths of wrath
  2 stair mimics
  A fountain mimic (Vault:3)
  A harpy skeleton (Crypt:2)
  4 mimics
  23 black mambas
  A trapdoor spider (Vault:3)
  A fire crab (Vault:7)
  An elephant slug (Lair:5)
  2 door mimics
  A wolf spider (shapeshifter) (Vault:4)
  A queen ant (Lair:5)
  2 tormentors
  A portal mimic (Snake:5)
  2 trap mimics
  2 yaktaurs (shapeshifter)
  22 elephants
  A dragon skeleton (D:17)
  A black mamba (shapeshifter) (Vault:2)
  2 wolf spiders
  An eye of devastation (Vault:2)
  14 spiny frogs
  69 yaktaurs
  3 griffon skeletons
  7 hellwings (Zot:5)
  63 slime creatures
  23 naga magi
  4 guardian mummies
  A yellow draconian simulacrum (Crypt:3)
  Psyche (Orc:2)
  2 hill giant zombies
  4 rock trolls
  An ettin skeleton (D:19)
  6 hill giant skeletons
  A smoke demon (Zot:5)
  3 silent spectres
  Grinder (D:6)
  52 ugly things
  18 trolls
  Sonja (Orc:1)
  A large large abomination (Zot:5)
  2 queen bees
  2 baby alligators (shapeshifter)
  An efreet (Vault:1)
  7 komodo dragons
  2 human zombies (Crypt:5)
  2 polar bears (D:12)
  2 rock troll zombies
  2 redbacks
  A bog mummy (Swamp:5)
  An agate snail zombie (Vault:1)
  18 two-headed ogres
  31 giant toads
  A deep troll skeleton (Vault:8)
  A rock troll skeleton (Vault:3)
  A brown ooze (Lair:8)
  A raven skeleton (Crypt:3)
  2 hairy devils
  16 blink frogs
  2 lindwurm zombies
  A redback zombie (D:27)
  2 vampires
  A giant toad (shapeshifter) (D:18)
  3 grizzly bears (D:12)
  A baby alligator skeleton (Crypt:1)
  6 wyverns
  5 wraiths
  2 blink frog zombies (D:27)
  A rotting hulk (Crypt:4)
  Edmund (D:4)
  4 bears (D:12)
  7 bumblebees
  An elephant skeleton (Crypt:2)
  40 yaks
  2 sharks (Lair:8)
  Eustachio (D:4)
  Grum (Orc:1)
  3 fire crab zombies
  2 hogs (Snake:4)
  52 vampire mosquitoes
  9 hippogriffs
  A merfolk (shapeshifter) (D:27)
  A clay golem (Vault:2)
  2 yaktaur zombies
  3 fire drakes
  3 elves (shapeshifter)
  9 ghouls
  A hippogriff (shapeshifter) (Vault:1)
  3 hungry ghosts
  A fire drake skeleton (Crypt:1)
  4 manticores
  4 vipers
  A hog skeleton (Crypt:4)
  8 deep elf fighters
  2 mottled dragons
  16 soldier ants
  4 freezing wraiths
  42 orc warriors
  5 swamp worms
  An orange crystal statue (D:8)
  15 necrophages
  2 rock worms
  2 jumping spider zombies
  2 cyclops skeletons
  4 war dogs (Orc:2)
  2 deep elf priests
  17 insubstantial wisps (D:27)
  A deep dwarf (shapeshifter) (D:20)
  A yaktaur skeleton (Crypt:4)
  3 black bears (D:12)
  7 giant goldfish
  A hippogriff zombie (Crypt:3)
  2 phantoms
  A grizzly bear zombie (Crypt:2)
  4 ice beasts
  5 small abominations
  4 bumblebee zombies (D:27)
  6 gila monsters
  A manticore skeleton (Crypt:1)
  58 ogres
  2 queen bee zombies (D:27)
  A bear skeleton (Crypt:1)
  A wolf zombie (Crypt:5)
  12 centaurs
  84 nagas
  A rotting devil (D:7)
  7 swamp drakes
  Duvessa (D:6)
  A grizzly bear skeleton (Crypt:4)
  A fire crab simulacrum (D:17)
  2 boulder beetle zombies
  3 boring beetles
  7 crocodiles
  3 big kobolds
  7 giant leeches
  8 giant slugs
  9 wargs
  A centaur zombie (Crypt:5)
  21 giant frogs
  A giant frog zombie (Crypt:3)
  A giant frog skeleton (D:10)
  2 yellow wasp zombies
  A war dog skeleton (Crypt:1)
  3 water moccasin zombies
  34 water moccasins
  10 agate snails
  A bumblebee simulacrum (Vault:6)
  5 boulder beetles
  2 eyes of draining
  A jellyfish (Lair:8)
  2 lava fish (Vault:2)
  12 electric eels
  A warg skeleton (Crypt:4)
  150 killer bees
  A pulsating lump (D:22)
  24 wights
  A mottled dragon zombie (Crypt:4)
  A big kobold zombie (D:27)
  A gila monster zombie (D:12)
  A killer bee zombie (D:9)
  10 imps
  An ogre zombie (Vault:3)
  5 big kobold skeletons
  A crocodile skeleton (Crypt:1)
  50 orc priests
  Dowan (D:6)
  2 goliath beetles
  A brain worm zombie (D:27)
  A gila monster skeleton (D:19)
  8 hounds
  2 hound zombies (D:27)
  3 scorpions
  3 hound skeletons
  A naga zombie (Crypt:2)
  10 shadows
  6 orange rats
  5 deep elf soldiers
  8 iguanas
  A naga skeleton (Crypt:1)
  41 orc wizards
  5 big fish
  9 porcupines
  12 sheep
  45 worker ants
  A steam dragon skeleton (Crypt:5)
  5 jellies
  3 boggarts (D:18)
  A goliath beetle zombie (D:6)
  29 flying skulls
  A mummy (D:13)
  46 green rats
  2 elf zombies
  4 giant centipedes
  A giant centipede (shapeshifter) (D:24)
  4 gnolls
  51 snakes
  A halfling zombie (Crypt:4)
  A scorpion zombie (D:8)
  A sheep zombie (Crypt:3)
  2 white imps (Lair:4)
  7 worms
  2 snake skeletons
  Terence (D:2)
  A megabat zombie (Crypt:3)
  An ant larva (shapeshifter) (D:26)
  2 giant eyeballs
  6 giant geckos
  A giant mite zombie (D:27)
  A gnoll zombie (D:27)
  4 oozes (Port)
  11 giant cockroaches
  18 goblins
  A grey rat (Crypt:2)
  21 hobgoblins
  9 jackals
  197 orcs
  6 quokkas
  10 giant newts
  A giant newt zombie (D:27)
  3 giant spores
  A goblin zombie (D:27)
  A hobgoblin skeleton (D:17)
  49 killer bee larvae
  A killer bee larva zombie (D:27)
  26 kobolds
  2 kobold zombies
  34 megabats
  2 orc skeletons
  2 orc zombies (Vault:3)
  A quokka skeleton (D:10)
  A quokka zombie (D:21)
  28 rats
  5 small snakes
  2 small snake zombies
  3 ballistomycetes
  7 fungi
  5 plants
  15 toadstools
2671 creatures vanquished.

Vanquished Creatures (collateral kills)
  Saint Roka (D:24)
  Mara (Snake:4)
  Kirke (Snake:4)
  Louise (Snake:4)
  A dragon (Zot:5)
  An anaconda (Snake:4)
  A black mamba (Snake:4)
  A hellwing (Orc:4)
  An orange demon (Orc:4)
  A naga mage (Snake:4)
  A hog (Snake:4)
  A ynoxinul (Orc:4)
  A steam dragon (Zot:5)
  A fire drake (Zot:5)
  3 orc warriors (D:24)
  3 nagas (Snake:4)
  A hound (D:6)
  An orc priest (D:24)
  An orc (D:24)
23 creatures vanquished.

Vanquished Creatures (others)
  A stone giant (D:24)
  A human (Snake:4)
  10 slime creatures
  3 ogres
  A giant leech (Lair:8)
  A sheep (D:14)
  2 orcs
  A quokka (Lair:5)
  2 goblins
  A rat (D:1)
  16 fungi
  8 plants (Lair:8)
  12 toadstools
59 creatures vanquished.

Grand Total: 2753 creatures vanquished

Notes
Turn   | Place    | Note
--------------------------------------------------------------
     0 | D:1      | hyperelliptic, the Centaur Wanderer, began the quest for the Orb.
     0 | D:1      | Reached XP level 1. HP: 14/14 MP: 1/1
  1031 | D:2      | Reached XP level 2. HP: 20/20 MP: 2/2
  1106 | D:2      | Noticed Terence
  1121 | D:2      | Defeated Terence
  1623 | D:2      | Reached XP level 3. HP: 21/27 MP: 2/2
  1748 | D:2      | Found a radiant altar of Vehumet.
  2173 | D:2      | Reached skill level 1 in Unarmed Combat
  3042 | D:3      | Reached XP level 4. HP: 30/33 MP: 3/3
  3122 | D:3      | Reached skill level 4 in Crossbows
  3130 | D:3      | Reached XP level 5. HP: 32/40 MP: 4/4
  3254 | D:3      | Gained mutation: Your muscles are strong (Str +1).
  4403 | D:4      | Reached skill level 1 in Dodging
  4663 | D:4      | Found Qeaff's Distillery.
  4671 | D:4      | Bought a potion of berserk rage for 33 gold pieces
  4706 | D:4      | Noticed Edmund
  4764 | D:4      | Defeated Edmund
  4764 | D:4      | Reached XP level 6. HP: 47/47 MP: 4/4
  4977 | D:4      | Noticed Eustachio
  5043 | D:4      | Reached skill level 1 in Maces & Flails
  5045 | D:4      | Defeated Eustachio
  5045 | D:4      | Reached XP level 7. HP: 43/54 MP: 5/5
  5408 | D:5      | Entered Level 5 of the Dungeon
  5418 | D:5      | Found a staircase to the Ecumenical Temple.
  5426 | Temple   | Entered the Ecumenical Temple
  5623 | Temple   | Became a worshipper of Trog the Wrathful
  6278 | D:5      | Found an iron altar of Okawaru.
  6362 | D:5      | Found a glowing drain. 6398
                  | sewer
                  | Entered the sewers 6405
                  | sewer
                  | Acquired Trog's first power
  7342 | D:6      | Noticed Duvessa
  7357 | D:6      | Noticed Dowan
  7360 | D:6      | Defeated Duvessa
  7372 | D:6      | Defeated Dowan
  7446 | D:6      | Acquired Trog's second power
  7488 | D:6      | Found a glowing silver altar of Zin.
  7636 | D:6      | Noticed Grinder
  7643 | D:6      | Defeated Grinder
  7643 | D:6      | Reached XP level 8. HP: 47/62 MP: 6/6
  8174 | D:6      | Reached skill level 5 in Maces & Flails
  8892 | D:7      | Noticed Pumpking's ghost (experienced DDNe)
  8913 | D:7      | Defeated Pumpking's ghost
  8913 | D:7      | Reached XP level 9. HP: 69/69 MP: 6/6
  9009 | D:7      | Reached skill level 5 in Crossbows
  9148 | D:7      | Reached skill level 5 in Fighting
  9266 | D:8      | Reached skill level 6 in Maces & Flails
  9438 | D:8      | Noticed Erolcha
  9459 | D:8      | Defeated Erolcha
  9531 | D:8      | Reached skill level 1 in Spellcasting
  9833 | D:8      | Acquired Trog's third power
  9851 | D:8      | Reached skill level 7 in Maces & Flails
 10252 | D:9      | Got a jewelled sabre
 10253 | D:9      | Identified the sabre of Psadotupt {slice, +Inv MR SInv} (You found it on level 9 of the Dungeon)
 10683 | D:9      | Reached skill level 5 in Armour
 11105 | D:10     | Entered Level 10 of the Dungeon
 11159 | D:10     | Reached skill level 8 in Maces & Flails
 11223 | D:10     | Noticed Urug
 11224 | D:10     | Noticed a giant frog skeleton
 11226 | D:10     | Noticed a hill giant skeleton
 11227 | D:10     | Noticed Josephine
 11246 | D:10     | Defeated a giant frog skeleton
 11246 | D:10     | Reached XP level 10. HP: 74/80 MP: 9/9
 11256 | D:10     | Defeated Urug
 11397 | D:10     | Noticed Harold
 11424 | D:10     | Defeated Harold
 11523 | D:10     | Defeated Josephine
 11526 | D:10     | Defeated a hill giant skeleton
 11591 | D:10     | Reached skill level 9 in Maces & Flails
 12065 | D:11     | Found Uxi Simalurch's Armour Boutique.
 12066 | D:11     | Found a staircase to the Lair.
 12103 | D:11     | Found Piamamp's Book Emporium.
 12105 | D:11     | Found Joangyjo's Distillery.
 12121 | D:11     | Bought a potion of heal wounds for 48 gold pieces
 12121 | D:11     | Bought a potion of heal wounds for 48 gold pieces
 12200 | D:11     | Found a staircase to the Orcish Mines.
 12379 | D:11     | Reached skill level 1 in Shields
 12426 | D:11     | Received a gift from Trog
 12456 | D:11     | Found Allupt's Jewellery Shop.
 12466 | D:11     | Bought a cursed -3 ring of strength for 1 gold piece
 12466 | D:11     | Bought a cursed -3 ring of protection for 1 gold piece
 12473 | D:11     | Reached skill level 1 in Evocations
 12525 | D:11     | Reached XP level 11. HP: 65/89 MP: 10/10
 12555 | D:11     | Found a portal to a secret trove of treasure.
 12624 | D:11     | Found Mnuenlur's Magic Scroll Emporium.
 12713 | D:11     | Reached skill level 10 in Maces & Flails
 12879 | Lair:1   | Entered Level 1 of the Lair of Beasts
 12936 | Lair:1   | Noticed Erica
 12953 | Lair:1   | Defeated Erica
 13604 | Lair:1   | Identified a +1 rod of destruction [fire] (9/9) (You found it on level 1 of the Lair of Beasts)
 14447 | Lair:2   | Reached skill level 11 in Maces & Flails
 14483 | Lair:2   | Received a gift from Trog
 14848 | Lair:2   | Found a staircase to the Swamp.
 15778 | Lair:3   | Reached skill level 12 in Maces & Flails
 15874 | Lair:3   | Found a staircase to the Snake Pit.
 17096 | Lair:4   | Reached XP level 12. HP: 73/101 MP: 11/11
 17818 | Lair:4   | Reached skill level 10 in Fighting
 17880 | Lair:4   | Received a gift from Trog
 17881 | Lair:4   | Got a faintly glowing crossbow {god gift}
 17882 | Lair:4   | Identified the crossbow of the Candelabrum {god gift, frost, rElec rF- SInv} (Trog gifted it to you on level 4 of the Lair of Beasts)
 18917 | Lair:5   | Received a gift from Trog
 19827 | Lair:5   | Received a gift from Trog
 20610 | Lair:6   | Reached skill level 1 in Stabbing
 20813 | Lair:6   | Reached XP level 13. HP: 115/115 MP: 12/12
 21609 | Lair:7   | Reached skill level 10 in Crossbows
 21633 | Lair:7   | Received a gift from Trog
 22219 | Lair:4   | Got a pitted robe
 22240 | Lair:4   | Identified the cursed +3 robe of Hangman (You found it on level 4 of the Lair of Beasts)
 22414 | D:11     | Bought a +0,+6 ring of slaying for 1008 gold pieces
 22442 | D:11     | Bought a scroll of blinking for 42 gold pieces
 22442 | D:11     | Bought a scroll of teleportation for 42 gold pieces
 22668 | Lair:8   | Entered Level 8 of the Lair of Beasts
 23157 | Lair:8   | Found a staircase to the Slime Pits.
 23555 | Lair:8   | Received a gift from Trog
 23561 | Lair:8   | Reached skill level 13 in Fighting
 24821 | Lair:8   | Reached XP level 14. HP: 72/125 MP: 13/13
 25094 | Lair:8   | Reached skill level 14 in Crossbows
 25494 | D:11     | Received a gift from Trog
 25527 | Orc:1    | Entered Level 1 of the Orcish Mines
 25538 | Orc:1    | Noticed Joseph
 25550 | Orc:1    | Defeated Joseph
 25690 | Orc:1    | Found a shimmering altar of Xom.
 25731 | Orc:1    | Received a gift from Trog
 26105 | Orc:3    | Noticed Jozef
 26118 | Orc:3    | Defeated Jozef
 26180 | Orc:2    | Noticed an ettin
 26297 | Orc:2    | Defeated an ettin
 26499 | Orc:2    | Received a gift from Trog
 26601 | D:11     | Bought the ring "Somiw" {rPois MR Dex+3 SInv} for 817 gold pieces
 26763 | Orc:2    | Noticed Psyche
 26766 | Orc:2    | Defeated Psyche
 26814 | Orc:1    | Noticed Sonja
 26814 | Orc:1    | Noticed Grum
 26817 | Orc:1    | Defeated Sonja
 27024 | Orc:1    | Defeated Grum
 27046 | Orc:1    | Received a gift from Trog
 27110 | Orc:1    | Received a gift from Trog
 27472 | Orc:3    | Received a gift from Trog
 27474 | Orc:3    | Got a bloodstained great mace {god gift}
 27491 | Orc:2    | Identified the great mace "Xomu" {god gift, freeze, rPois rN+} (Trog gifted it to you on level 3 of the Orcish Mines)
 27971 | Orc:3    | Found a staircase to the Elven Halls.
 28199 | Orc:4    | Entered Level 4 of the Orcish Mines
 28648 | Orc:4    | Noticed an orc high priest
 28684 | Orc:4    | Defeated an orc high priest
 28698 | Orc:4    | Noticed an orc high priest
 28729 | Orc:4    | Defeated an orc high priest
 29111 | Orc:4    | Received a gift from Trog
 29202 | Orc:4    | Found Koagyan's Weapon Emporium.
 29202 | Orc:4    | Found Ympoaf's Jewellery Shoppe.
 29208 | Orc:4    | Found Plyloes' Food Emporium.
 29210 | Orc:4    | Found Kliatt's Food Shoppe.
 29220 | Orc:4    | Bought a cursed ring of hunger for 1 gold piece
 29337 | Orc:4    | Bought an uncursed amulet of the gourmand for 441 gold pieces
 29430 | Orc:4    | Noticed an orc high priest
 29435 | Orc:4    | Noticed an orc high priest
 29438 | Orc:4    | Defeated an orc high priest
 29645 | Orc:4    | Defeated an orc high priest
 29824 | Orc:4    | Received a gift from Trog
 30265 | Orc:2    | Received a gift from Trog
 30608 | D:12     | Received a gift from Trog
 30678 | D:12     | Received a gift from Trog
 30716 | D:12     | Found a staircase to the Hive.
 31111 | D:12     | Received a gift from Trog
 31828 | D:13     | Reached skill level 10 in Armour
 31963 | D:13     | Received a gift from Trog
 32124 | D:14     | Reached skill level 5 in Unarmed Combat
 32391 | D:14     | Reached XP level 15. HP: 83/135 MP: 13/13
 32424 | D:14     | Received a gift from Trog
 33151 | D:15     | Entered Level 15 of the Dungeon
 33906 | D:15     | Found a staircase to the Vaults.
 34202 | D:8      | Got a slimy short sword
 34204 | D:8      | Identified the cursed short sword of Plit {slice, -CAST rF+ rN+} (You found it on level 8 of the Dungeon)
 34496 | Snake:1  | Entered Level 1 of the Snake Pit
 34864 | Snake:1  | Identified a scroll of acquirement
 35013 | Snake:1  | Received a gift from Trog
 35391 | Snake:2  | Received a gift from Trog
 35648 | Snake:2  | Received a gift from Trog
 36249 | Snake:3  | Found Zoppit's Jewellery Boutique.
 36433 | Snake:3  | Received a gift from Trog
 36466 | Snake:3  | Noticed Nessos
 36482 | Snake:3  | Defeated Nessos
 36961 | Snake:4  | Reached skill level 15 in Crossbows
 37315 | Snake:4  | Received a gift from Trog
 37501 | Snake:4  | Noticed Mara
 37770 | Snake:4  | Defeated Mara
 37793 | Snake:4  | Noticed Kirke
 37796 | Snake:4  | Defeated Kirke
 37796 | Snake:4  | Reached XP level 16. HP: 142/142 MP: 14/15
 37817 | Snake:4  | Reached XP level 15. HP: 136/136 MP: 13/13
 37821 | Snake:4  | Noticed Louise
 37832 | Snake:4  | Defeated Louise
 38052 | Snake:4  | Reached skill level 15 in Fighting
 38350 | D:11     | Bought 2 scrolls of enchant armour for 134 gold pieces
 38548 | Vault:1  | Entered Level 1 of the Vaults
 38599 | Vault:1  | Received a gift from Trog
 38600 | Vault:1  | Got a polished crossbow {god gift}
 38601 | Vault:1  | Identified the crossbow "Yheu" {god gift, velocity, rF+} (Trog gifted it to you on level 1 of the Vaults)
 38864 | Vault:1  | Found Bleess' Distillery.
 38870 | Vault:1  | Bought a potion of heal wounds for 48 gold pieces
 38870 | Vault:1  | Bought 2 potions of heal wounds for 96 gold pieces
 38870 | Vault:1  | Bought a potion of heal wounds for 48 gold pieces
 38870 | Vault:1  | Bought a potion of heal wounds for 48 gold pieces
 39482 | Vault:2  | Found Yfep's Magical Wand Boutique.
 39559 | Vault:2  | Found Cotir's Antique Weapon Boutique.
 39678 | Vault:2  | Reached XP level 16. HP: 127/146 MP: 14/15
 39810 | Vault:2  | Found Skounup's Antique Armour Boutique.
 39851 | Vault:2  | Found Psaprae's General Store.
 40012 | Vault:2  | Found Yrioj's Food Shop.
 40563 | Vault:3  | Received a gift from Trog
 40806 | Vault:3  | Found Ituydem's Magical Wand Emporium.
 41445 | Vault:3  | Received a gift from Trog
 41973 | Vault:4  | Found a staircase to the Crypt.
 42664 | Crypt:1  | Entered Level 1 of the Crypt
 42666 | Crypt:1  | Noticed Boris
 42680 | Crypt:1  | Defeated Boris
 42680 | Crypt:1  | Reached XP level 17. HP: 151/153 MP: 16/16
 42761 | Crypt:1  | Found a labyrinth entrance.
 42768 | Lab      | Entered a Labyrinth
 43230 | Lab      | Got a fine silver ring
 43232 | Lab      | Got an ancient plate mail
 43255 | Lab      | Identified the +1 plate mail of Benevolence (You found it in a Labyrinth)
 43257 | Lab      | Got a jewelled glaive
 43262 | Lab      | Identified the glaive of Meest {chop, rF++ Str-4} (You found it in a Labyrinth)
 43271 | Lab      | Identified the ring of Nobility (You found it in a Labyrinth)
 43287 | Crypt:1  | Noticed Wiglaf
 43386 | Crypt:1  | Defeated Wiglaf
 43515 | Crypt:1  | Reached skill level 16 in Fighting
 43553 | Crypt:1  | Noticed Terpsichore
 43597 | Crypt:1  | Defeated Terpsichore
 43925 | Crypt:1  | Reached skill level 1 in Stealth
 44101 | Crypt:1  | Received a gift from Trog
 44728 | Vault:2  | Bought a shiny crystal plate mail for 1400 gold pieces
 44770 | Vault:2  | Bought a scroll of recharging for 90 gold pieces
 44770 | Vault:2  | Bought a potion of might for 45 gold pieces
 44770 | Vault:2  | Bought 2 potions of might for 90 gold pieces
 44782 | Vault:2  | Bought 11 silver +2 bolts for 198 gold pieces
 44842 | Vault:3  | Bought a wand of hasting (1) for 524 gold pieces
 44970 | Vault:4  | Received a gift from Trog
 45725 | Hive:1   | Entered Level 1 of the Hive
 45971 | Hive:2   | Entered Level 2 of the Hive
 46395 | Hive:2   | Received a gift from Trog
 46506 | Hive:2   | Received a gift from Trog
 46611 | Hive:2   | Received a gift from Trog
 46913 | Hive:2   | Received a gift from Trog
 48144 | Crypt:2  | Found a staircase to the Tomb.
 48290 | Crypt:2  | You fall through a shaft!
 48682 | Crypt:3  | Noticed a small abomination
 48731 | Crypt:2  | Defeated a small abomination
 49053 | Crypt:3  | Found an ancient bone altar of Kikubaaqudgha.
 49291 | Crypt:3  | Reached XP level 18. HP: 152/164 MP: 16/16
 49344 | Crypt:4  | Reached skill level 17 in Fighting
 49407 | Crypt:4  | Received a gift from Trog
 49465 | Crypt:4  | Noticed a small abomination
 49518 | Crypt:3  | Defeated a small abomination
 49694 | Crypt:3  | Received a gift from Trog
 50263 | Crypt:5  | Entered Level 5 of the Crypt
 51124 | Crypt:5  | Noticed a lich
 51132 | Crypt:5  | Defeated a lich
 51196 | Crypt:5  | Found a basalt altar of Yredelemnul.
 51196 | Crypt:5  | Noticed an ancient lich
 51206 | Crypt:5  | Defeated an ancient lich
 51457 | Crypt:5  | Noticed a lich
 51467 | Crypt:5  | Defeated a lich
 51615 | Crypt:5  | Received a gift from Trog
 51618 | Crypt:5  | Reached XP level 19. HP: 132/175 MP: 17/17
 52013 | Crypt:2  | Reached skill level 18 in Fighting
 52480 | Vault:5  | Received a gift from Trog
 52643 | Vault:5  | Found a staircase to the Hall of Blades.
 52937 | Vault:6  | Noticed Frederick
 52949 | Vault:6  | Defeated Frederick
 53179 | Vault:6  | Noticed a deep elf priest
 53189 | Vault:6  | Defeated a deep elf priest
 53527 | Vault:6  | Received a gift from Trog
 53771 | Vault:6  | Received a gift from Trog
 53772 | Vault:6  | Got a twisted crossbow {god gift}
 53773 | Vault:6  | Identified the crossbow of Xizxour {god gift, elec, Str+2 Dex+4} (Trog gifted it to you on level 6 of the Vaults)
 54069 | Vault:6  | Found a glowing golden altar of the Shining One.
 54234 | Vault:7  | Noticed a vapour
 54237 | Vault:7  | Defeated a vapour
 54363 | Vault:7  | Got a heavily runed buckler
 54368 | Vault:7  | Identified the cursed +2 buckler "Brecom" (You found it on level 7 of the Vaults)
 54653 | Vault:7  | Noticed Agnes
 54669 | Vault:7  | Defeated Agnes
 54918 | Vault:7  | Received a gift from Trog
 54924 | Vault:7  | Reached XP level 20. HP: 187/188 MP: 18/18
 56552 | D:16     | Noticed scummos' ghost (powerful DDNe)
 56563 | D:16     | Defeated scummos' ghost
 57421 | D:17     | Received a gift from Trog
 57422 | D:17     | Got a crude morningstar {god gift}
 57423 | D:17     | Identified the morningstar of the Shining Light {god gift, speed, rElec rF+} (Trog gifted it to you on level 17 of the Dungeon)
 58555 | D:18     | Reached skill level 19 in Fighting
 58735 | D:18     | Received a gift from Trog
 58859 | D:18     | Noticed a deep elf annihilator
 58874 | D:18     | Defeated a deep elf annihilator
 59025 | D:19     | Noticed a deep elf priest
 59063 | D:19     | Defeated a deep elf priest
 59115 | D:19     | Found a white marble altar of Elyvilon.
 59405 | D:19     | Noticed Aizul
 59424 | D:19     | Defeated Aizul
 59519 | D:19     | Found a snail-covered altar of Cheibriados.
 59734 | D:20     | Entered Level 20 of the Dungeon
 59798 | D:20     | Noticed Frances
 59808 | D:20     | Defeated Frances
 59947 | D:20     | Received a gift from Trog
 60196 | D:20     | Gained mutation: You are agile (Dex +1).
 61011 | D:21     | Reached XP level 21. HP: 194/199 MP: 18/18
 61098 | D:21     | Found a gateway to a ziggurat.
 61250 | D:21     | You fall through a shaft!
 61321 | D:23     | Found a flickering gateway to a bazaar. 61338
                  | bazaar
                  | Entered a bazaar 61340
                  | bazaar
                  | Found Kiaheidgh's Weapon Boutique. 61343
                  | bazaar
                  | Found Mnemiobe's Antique Weapon Boutique. 61344
                  | bazaar
                  | Bought 8 curare-tipped +1 needles for 76 gold pieces 61345
                  | bazaar
                  | Found Niatuh's Armour Boutique. 61345
                  | bazaar
                  | Found Thruw's Jewellery Boutique. 61360
                  | bazaar
                  | Bought a +2 pair of gauntlets of dexterity for 180 gold pieces
 61421 | D:23     | Found Guubribof's Jewellery Emporium.
 61468 | D:23     | Found Khubleij's Food Boutique.
 61743 | D:23     | Received a gift from Trog
 61861 | D:23     | Found a gateway to Hell.
 61928 | D:22     | Noticed Boris
 61940 | D:22     | Defeated Boris
 61995 | D:22     | Noticed a pulsating lump
 62003 | D:22     | Defeated a pulsating lump
 62446 | D:21     | Found a one-way gate leading to the halls of Pandemonium.
 62707 | D:22     | Found Koppav's General Store.
 62727 | D:22     | Bought a +2 plumed helmet of see invisible for 326 gold pieces
 63312 | D:23     | Reached skill level 20 in Fighting
 63315 | D:23     | Received a gift from Trog
 63317 | D:23     | Got a pitted crossbow {god gift}
 63319 | D:23     | Identified the crossbow of Chance {god gift, elec, Dex+2} (Trog gifted it to you on level 23 of the Dungeon)
 63354 | D:24     | Found a one-way gate to the infinite horrors of the Abyss.
 63687 | D:24     | Noticed Mennas
 63711 | D:24     | Defeated Mennas
 63712 | D:24     | Defeated Saint Roka
 64253 | D:25     | Entered Level 25 of the Dungeon
 64297 | D:25     | Received a gift from Trog
 64437 | D:25     | Found an iron altar of Okawaru.
 65035 | D:25     | Reached XP level 22. HP: 134/211 MP: 19/19
 65049 | D:25     | Received a gift from Trog
 66117 | D:26     | Found Bruopaato's General Store.
 66281 | D:26     | Reached skill level 21 in Fighting
 66289 | D:26     | Noticed Xtahua
 66304 | D:26     | Defeated Xtahua
 66494 | D:26     | Received a gift from Trog
 66729 | D:27     | Entered Level 27 of the Dungeon
 66857 | D:27     | Received a gift from Trog
 67469 | D:27     | Found a gateway to a ziggurat.
 69244 | D:11     | Bought a scroll of enchant weapon I for 67 gold pieces
 69758 | D:22     | Bought a scroll of enchant weapon II for 66 gold pieces
 70959 | Swamp:1  | Entered Level 1 of the Swamp
 70984 | Swamp:1  | Received a gift from Trog
 71194 | Swamp:5  | Entered Level 5 of the Swamp
 71219 | Swamp:5  | Got a twitching jade ring
 71220 | Swamp:5  | Identified the ring of the Lonely Hells (You found it on level 5 of the Swamp)
 71509 | Swamp:5  | Reached XP level 23. HP: 178/222 MP: 19/19
 71747 | Swamp:5  | Noticed the 27-headed Lernaean hydra
 71754 | Swamp:5  | Defeated the 27-headed Lernaean hydra
 71758 | Swamp:5  | Received a gift from Trog
 71808 | Swamp:5  | Got a decaying rune of Zot
 72169 | Snake:5  | Entered Level 5 of the Snake Pit
 72282 | Snake:5  | Received a gift from Trog
 72624 | Snake:5  | Received a gift from Trog
 72769 | Snake:5  | Received a gift from Trog
 73273 | Snake:5  | Received a gift from Trog
 73274 | Snake:5  | Got a forked whip {god gift}
 73275 | Snake:5  | Identified the whip "Snakebite" {god gift, venom, rPois} (Trog gifted it to you on level 5 of the Snake Pit)
 73457 | Snake:5  | Got a serpentine rune of Zot
 74106 | Vault:8  | Entered Level 8 of the Vaults
 74192 | Vault:8  | Reached skill level 22 in Fighting
 74265 | Vault:8  | Received a gift from Trog
 74523 | Vault:8  | Got a dirty hat
 74527 | Vault:8  | Identified the +2 hat of the Alchemist (You found it on level 8 of the Vaults)
 74644 | Vault:8  | Got a slimy hand axe
 74645 | Vault:8  | Identified the hand axe "Sipliov" {venom, rC+} (You found it on level 8 of the Vaults)
 74651 | Vault:8  | Got an uncursed crude trident
 74652 | Vault:8  | Identified the trident "Giant's Death" {pierce, Int+2} (You took it off a yaktaur on level 8 of the Vaults)
 74697 | Vault:8  | Reached XP level 24. HP: 234/234 MP: 20/20
 74789 | Vault:8  | Got a silver rune of Zot
 75726 | Zot:1    | Entered Level 1 of the Realm of Zot
 75999 | Zot:5    | Entered Level 5 of the Realm of Zot
 76118 | Zot:5    | Received a gift from Trog
 76261 | Zot:5    | Noticed an orb of fire
 76263 | Zot:5    | Lost mutation: Your muscles are strong (Str +1).
 76265 | Zot:5    | Defeated an orb of fire
 76287 | Zot:5    | Noticed an orb of fire
 76290 | Zot:5    | Defeated an orb of fire
 76369 | Zot:5    | Reached XP level 25. HP: 217/242 MP: 20/20
 76398 | Zot:5    | Received a gift from Trog
 76956 | Zot:5    | Got the Orb of Zot
 77117 | Zot:4    | Noticed Coeteeck the pandemonium lord
 77117 | Zot:4    | Noticed an ancient lich
 77389 | D:21     | Noticed Xuyt the pandemonium lord
 77839 | D:$      | Escaped with the Orb!
